Cogmind - Beta 17 @@@ ROGUE MODE // 2026.08.20 @ 01:21:40 Player: LandRaider Result: Destroyed by Armor Guard with Helical Railgun Performance ------------- Evolutions (6) 3000 Regions Visited (16) 3200 Robots Destroyed (93) 465 Value Destroyed (3265) 3265 Prototype IDs (15) 300 Alien Tech Used (0) 0 Bonus (1951) 1951 TOTAL SCORE: 12181 Bonus ------- High Alert Combat Kills 631 Follower Combat Kills 1361 Met Data Miner 300 Friendly Fire -341 Cogmind --------- Core Integrity 0/1150 Matter 14/300 Energy 100/100 System Corruption 7% Temperature Cool (12) Movement Core (350) Ox6 Location -4/Armory Parts ------- > --- POWER (1) -------- (None) > --- PROPULSION (5) --- (None) > --- UTILITY (10) ----- Large Storage Unit Enhanced Optical Array Advanced Signal Interpreter Experimental Terrain Scan Processor Advanced Melee Analysis Suite > --- WEAPON (3) ------- (None) > --- INVENTORY (15) --- Flexi-carbon Leg Improved Heat Sink Advanced Heat Sink Advanced Heat Sink Large Storage Unit ECM Suite Advanced Cloaking Device Advanced Cloaking Device Advanced Cloaking Device Improved KE Penetrator Enhanced Hardcell Cannon Enhanced Hardcell Cannon Advanced Datajack Peak State ------------ > --- POWER ------------ Light Antimatter Reactor > --- PROPULSION ------- Flexi-carbon Leg Heavy Armored Exoskeleton > --- UTILITY ---------- Large Storage Unit Enhanced Optical Array Advanced Signal Interpreter Experimental Terrain Scan Processor Advanced Melee Analysis Suite Armor Integrity Analyzer Advanced Force Booster Hacking Suite Improved Hacking Suite Improved System Shield > --- WEAPON ----------- Plasma Rifle Heavy Phase Cannon Heavy Neutron Cannon > --- INVENTORY -------- Neutrino Core Light Antimatter Reactor Flexi-carbon Leg Flexi-carbon Leg Improved Heat Sink Advanced Heat Sink Advanced Heat Sink Large Storage Unit Precision Matter Filter ECM Suite Plasma Rifle Plasma Rifle Advanced Datajack [Rating: 119] Favorites ----------- Power Ion Engine Engine Ion Engine Power Core Light Nuclear Core Reactor Light Quantum Reactor Propulsion Cesium-ion Thruster Treads Heavy Treads Leg Aluminum Leg Wheel Wheel Hover Unit Improved Hover Unit Flight Unit Cesium-ion Thruster Utility Hacking Suite Device Advanced Cooling System Storage Small Storage Unit Processor Advanced Signal Interpreter Hackware Hacking Suite Protection Medium Armor Plating Weapon Precision Assault Rifle Energy Gun Plasma Rifle Energy Cannon Enhanced Nova Cannon Ballistic Gun Precision Assault Rifle Ballistic Cannon Enhanced Hardcell Cannon Launcher Rocket Launcher Impact Weapon Heavy Mace Slashing Weapon Power Sword Special Melee Weapon Advanced Datajack Build | -11 -10 -10 -9 -9 -8 -7 -7 -7 -6 -6 -5 -5 -4 -4 -4 -4 ------- Run | Yrd Mat Min Mat Min Mat Fac Low Dat Pro Fac Fac Ext Fac Was Fac Arm Slots Evolved 12 | . . . 2 . 2 2 . . . 2 2 . 2 . . . Power . | . . . . . . . . . . . . . . . . . Propulsion 3 | . . . . . 1 . . . . . 1 . 1 . . . Utility 8 | . . . 2 . . 2 . . . 2 1 . 1 . . . Weapon 1 | . . . . . 1 . . . . . . . . . . . Parts Attached 110 | 7 1 . 2 7 2 15 6 . . 7 4 19 . 11 19 10 Power 14 | 1 . . . 1 . 3 . . . 1 1 2 . 1 2 2 Engine 5 | 1 . . . 1 . 2 . . . . 1 . . . . . Core 6 | . . . . . . 1 . . . 1 . 2 . . 1 1 Reactor 3 | . . . . . . . . . . . . . . 1 1 1 Propulsion 26 | 2 . . 1 3 . 4 3 . . 1 . 5 . 2 2 3 Treads 6 | . . . . . . 1 . . . . . 3 . 2 . . Leg 7 | . . . 1 3 . . . . . . . . . . 2 1 Wheel 5 | 2 . . . . . 1 . . . . . 2 . . . . Hover 2 | . . . . . . 2 . . . . . . . . . . Flight 6 | . . . . . . . 3 . . 1 . . . . . 2 Utility 43 | 2 1 . 1 1 . 5 3 . . 4 2 11 . 3 9 1 Device 22 | 1 1 . 1 1 . 3 1 . . . 2 5 . 2 4 1 Storage 5 | 1 . . . . . . . . . 1 . 1 . . 2 . Processor 9 | . . . . . . 1 . . . 2 . 3 . . 3 . Hackware 5 | . . . . . . . 2 . . 1 . 1 . 1 . . Protection 2 | . . . . . . 1 . . . . . 1 . . . . Artifact . | . . . . . . . . . . . . . . . . . Weapon 27 | 2 . . . 2 2 3 . . . 1 1 1 . 5 6 4 Energy Gun 6 | . . . . . . . . . . . . . . 2 3 1 Energy Cannon 3 | . . . . . . . . . . . . . . 1 2 . Ballistic Gun 7 | 2 . . . 1 1 2 . . . . 1 . . . . . Ballistic Cannon 4 | . . . . . . . . . . . . . . 2 . 2 Launcher 2 | . . . . 1 1 . . . . . . . . . . . Special Weapon . | . . . . . . . . . . . . . . . . . Impact Weapon 1 | . . . . . . 1 . . . . . . . . . . Slashing Weapon 2 | . . . . . . . . . . . . 1 . . 1 . Piercing Weapon . | . . . . . . . . . . . . . . . . . Special Melee Weapon 2 | . . . . . . . . . . 1 . . . . . 1 Unidentified Prototypes 5 | . . . . . . 1 . . . . . . . . 4 . Parts Lost 62 | . . . . 7 1 5 . . . 1 . 21 . . 17 10 Power 7 | . . . . 1 . 1 . . . . . 1 . . 2 2 Propulsion 19 | . . . . 2 1 3 . . . . . 7 . . 4 2 Utility 20 | . . . . 2 . 1 . . . 1 . 7 . . 5 4 Weapon 16 | . . . . 2 . . . . . . . 6 . . 6 2 Highest Loss Streak 16 | . . . . 3 1 4 . . . 1 . 16 . . 10 4 To Critical Strikes . | . . . . . . . . . . . . . . . . . Average Backups 7 | 4 8 8 7 6 6 7 7 8 7 7 7 7 5 4 10 12 Power . | . 1 1 1 . . . 1 1 1 . . 1 1 . 1 . Propulsion 1 | 2 4 4 4 3 2 2 1 . . . . . . . 1 1 Utility 2 | . 1 1 . . . . 1 2 2 2 4 3 4 2 4 7 Weapon 2 | . 2 2 2 2 3 3 4 5 4 4 1 1 . 1 2 2 Tool/Special . | . . . . . . . . . . . . . . . . . Unused Backups 22 | . 2 . . . . 1 3 . . 1 . 1 . 1 1 12 Power 1 | . . . . . . . . . . . . . . . 1 . Propulsion 3 | . . . . . . . 2 . . . . . . . . 1 Utility 12 | . 1 . . . . . . . . . . 1 . 1 . 9 Weapon 6 | . 1 . . . . 1 1 . . 1 . . . . . 2 Tool/Special . | . . . . . . . . . . . . . . . . . Average Slot Usage (%) 84 | . 100 100 94 80 87 92 73 76 76 82 97 86 63 82 83 69 Engine 2 | . 14 14 11 10 9 5 . . . . 3 2 . . . . Core 1 | . . . . . . 1 7 7 7 6 1 1 5 . . . Reactor 1 | . . . . . . . . . . . . . . 4 4 3 Treads 4 | . . . . . . 6 . . . . . 8 . 9 4 . Leg 4 | . . . 6 15 26 9 . . . . . . . . 5 1 Wheel 3 | . 28 28 11 1 . 1 1 . . . . 1 10 5 1 . Flight 4 | . . . . . . . 17 23 23 20 23 7 . . . 7 Device 15 | . 14 14 32 22 18 21 18 15 15 13 10 9 21 22 10 7 Storage 6 | . 14 14 11 11 9 7 7 7 7 6 5 4 5 5 6 5 Processor 11 | . . . . . . 6 7 7 7 13 17 13 10 10 17 25 Hackware 9 | . . . . . . . 6 15 15 14 17 16 10 10 14 8 Protection 1 | . . . . . . 5 . . . . . 2 . . . . Energy Gun 1 | . . . . . . . . . . . . . . 4 4 3 Energy Cannon 1 | . . . . . . . . . . . . . . 3 4 . Ballistic Gun 6 | . 28 28 22 18 17 15 3 . . . 8 7 . . . . Ballistic Cannon 1 | . . . . . . . . . . . . . . 4 2 1 Impact Weapon 1 | . . . . . . 6 1 . . 3 4 . . . . . Peak Build Rating 119 | 8 8 7 10 13 17 46 45 32 34 48 63 66 53 111 119 117 Average Rating 62 | 5 7 7 9 10 16 34 33 32 32 42 60 52 53 100 108 95 On Entrance 36 | . 8 7 7 10 12 16 45 32 32 32 48 61 53 53 107 93 Avg Prop Armor Cover (%) 3 | . . . 8 8 . 6 . . . . . 1 . 3 2 . Naked Turns . | . . . . . . . . . . . . . . . . . Heaviest Build 93 | 14 14 14 17 17 19 35 29 13 13 17 24 31 23 57 93 70 Greatest Support 140 | 20 20 20 20 25 35 28 28 15 15 16 21 69 20 140 140 110 Greatest Overweight (x) 6 | . . . 1 5 . 2 2 . . 1 1 5 1 2 . 6 Average Overweight (x) . | . . . . . . . . . . . . . 1 . . . Largest Inventory Capacity 15 | 8 8 8 8 8 8 8 8 8 8 8 8 8 5 5 15 15 Average Capacity 9 | 6 8 8 8 8 8 8 8 8 8 8 8 7 5 5 13 15 Most Carried 15 | 8 8 8 8 8 8 8 8 8 8 8 8 8 5 5 15 15 Average Carried 8 | 4 7 8 7 6 6 7 7 8 7 7 7 7 5 4 11 12 Final Capacity 15 | 8 8 8 8 8 8 8 8 8 8 8 8 5 5 5 15 15 Final Carried 13 | 8 8 8 8 7 8 8 8 8 8 8 8 5 5 5 13 13 Class Distribution -------------------- 24% | Mutant 21% | Hacker-Mutant 11% | Scavenger-Mutant 9% | Hacker-Tank 7% | Scavenger-Tank 5% | Hacker-Skirmisher 5% | Hacker-Sprinter 4% | Scavenger-Gunner 3% | Hacker-Scout Dominant Class ---------------- Mutant | -10/Materials Mutant | -10/Mines Mutant | -9/Materials Mutant | -9/Mines Scavenger-Gunner | -8/Materials Mutant | -7/Factory Scavenger-Sprinter | -7/Lower Caves Hacker-Sprinter | -7/Data Miner Hacker-Sprinter | -6/Proximity Caves Hacker-Mutant | -6/Factory Hacker-Assassin | -5/Factory Hacker-Skirmisher | -5/Extension Hacker-Mutant | -4/Factory Scavenger-Tank | -4/Waste Hacker-Mutant | -4/Factory Scavenger-Mutant | -4/Armory Resources | -11 -10 -10 -9 -9 -8 -7 -7 -7 -6 -6 -5 -5 -4 -4 -4 -4 ----------- Run | Yrd Mat Min Mat Min Mat Fac Low Dat Pro Fac Fac Ext Fac Was Fac Arm Matter Collected 2903 | 232 76 . 172 140 52 397 125 . 60 41 141 411 . 397 622 37 Remotely . | . . . . . . . . . . . . . . . . . Salvage Created 4301 | 25 90 . 433 150 60 637 25 . . 64 141 165 . 510 1872 129 Parts 199 | 5 6 . 23 15 7 31 3 . . . 5 7 . 3 87 7 Haulers Intercepted 4 | . . . . . . . . . . . 1 . . . 3 . Recyclers Shooed 5 | . . . 3 . . . . . . . . 2 . . . . Parts Field Recycled . | . . . . . . . . . . . . . . . . . Retrieved Matter . | . . . . . . . . . . . . . . . . . Parts Self-Destructed 3 | . . . . . . . 3 . . . . . . . . . Prevented 3 | . . . . . . . 3 . . . . . . . . . Parts Restored 4 | . . . . . . . . . . . . . . 4 . . Broken 4 | . . . . . . . . . . . . . . 4 . . Kills | -11 -10 -10 -9 -9 -8 -7 -7 -7 -6 -6 -5 -5 -4 -4 -4 -4 ------- Run | Yrd Mat Min Mat Min Mat Fac Low Dat Pro Fac Fac Ext Fac Was Fac Arm Combat Hostiles Destroyed 67 | . 2 . 8 8 4 9 1 . . . . 3 . 2 26 4 Melee 8 | . . . . . . . . . . . . . . . 8 . Guns 42 | . 2 . 8 8 4 9 1 . . . . 2 . 1 5 2 Cannons 14 | . . . . . . . . . . . . . . 1 11 2 AOE 1 | . . . . . . . . . . . . 1 . . . . Classes Destroyed 20 | 1 2 . 3 1 . 3 2 . . . 1 1 . 1 5 . Worker 2 | . . . . . . 1 . . . 1 . . . . . . Builder 3 | . . . . . . . . . . . . 1 . . 2 . Tunneler 1 | 1 . . . . . . . . . . . . . . . . Hauler 4 | . . . . . . . . . . . 1 . . . 3 . Recycler 4 | . 1 . 2 . . 1 . . . . . . . . . . Minesweeper 1 | . . . . . . . 1 . . . . . . . . . Mechanic 4 | . . . 1 . . . . . . 1 1 . . . 1 . Operator 2 | . . . . . . . . . . . . . . . 1 1 Watcher 4 | . . . . . . 1 . . . . . . . . 2 1 Swarmer 26 | . 2 . 4 7 4 . . . . . . . . . 5 4 Grunt 19 | . . . 2 . . 7 . . . . . 2 . . 8 . Brawler 2 | . . . . . . 1 . . . . . . . . 1 . Protector 1 | . . . . 1 . . . . . . . . . . . . Sentry 4 | . . . 2 . . 1 . . . . . 1 . . . . Specialist 2 | . . . . . . . . . . . . . . . 2 . Hunter 4 | . . . . . . . . . . . . . . . 4 . Programmer 6 | . . . . . . . . . . . . . . . 6 . Compactor 2 | . . . . . . . . . . . . . . 2 . . Thief 1 | . . . . . . . 1 . . . . . . . . . Butcher 1 | . . . . . . . . . . . . . . . 1 . Best Kill Streak 7 | 1 3 . 5 4 4 7 1 . . 1 1 2 . 2 6 4 Combat Bots Only 6 | . 2 . 5 4 4 6 1 . . . . 1 . 2 4 4 Max Kills in Single Turn 2 | 1 1 . 1 1 1 2 1 . . 1 1 1 . 1 2 1 Gunslinging 1 | . . . . . . 1 . . . . . . . . . . Exploded 1 | . . . . . . . . . . . . 1 . . . . Melee 1 | . . . . . . . . . . . . . . . 1 . Uniques/NPCs Destroyed . | . . . . . . . . . . . . . . . . . Combat | -11 -10 -10 -9 -9 -8 -7 -7 -7 -6 -6 -5 -5 -4 -4 -4 -4 -------- Run | Yrd Mat Min Mat Min Mat Fac Low Dat Pro Fac Fac Ext Fac Was Fac Arm Hostile Shots Fired 1026 | . 10 . 37 67 41 114 5 . . 18 . 142 . . 418 174 Missed 378 | . 4 . 9 22 17 40 2 . . 8 . 29 . . 169 78 Hits 648 | . 6 . 28 45 24 74 3 . . 10 . 113 . . 249 96 Melee 8 | . . . . . . 2 3 . . . . . . . 1 2 Projectile 640 | . 6 . 28 45 24 72 . . . 10 . 113 . . 248 94 Critical Strikes 28 | . . . 1 1 . 4 . . . . . 3 . . 9 10 Part Disruptions 1 | . . . . . . . . . . . . . . . 1 . Damage Taken 10438 | . 45 . 334 508 255 883 49 . 4 138 . 2380 . 54 4214 1574 Core 2369 | . 7 . 84 143 20 48 . . 2 86 . 808 . . 479 692 Absorbed by Shields 82 | . . . . . . . . . . . . 30 . . . 52 Reduced by Siege Mode 95 | . . . . . . . . . . . . . . . 95 . Ignored by Resistances 23 | . . . . . . . . . . . . . . 6 17 . Regen/Repaired (Parts) 201 | . . . . . . . . . . . . . . 154 47 . Core Remaining (%) 76 | 100 . 97 . 43 96 . . . 92 89 . 19 . . . . Volleys Fired 261 | 2 5 . 33 25 11 34 7 . 5 . 5 38 . 6 60 30 Largest 3 | 2 2 . 2 2 2 2 2 . 1 . 2 2 . 2 3 2 Hottest 253 | 40 40 . 40 40 40 56 56 . 33 . 56 56 . 133 253 150 Shots Fired 488 | 4 10 . 66 46 22 68 13 . 5 . 10 42 . 10 152 40 Gun 320 | 4 10 . 66 42 22 68 13 . . . 10 15 . 6 51 13 Cannon 132 | . . . . . . . . . . . . . . 4 101 27 Launcher 36 | . . . . 4 . . . . 5 . . 27 . . . . Special . | . . . . . . . . . . . . . . . . . Kinetic 326 | 4 10 . 66 42 22 68 13 . . . 10 15 . 4 45 27 Thermal 126 | . . . . . . . . . . . . . . 6 107 13 Explosive 36 | . . . . 4 . . . . 5 . . 27 . . . . Electromagnetic . | . . . . . . . . . . . . . . . . . Robot Hit Streak 18 | 1 3 . 10 9 2 15 7 . . . 12 12 . 5 18 3 Robot Miss Streak 6 | 2 1 . 3 5 3 2 1 . . . 1 2 . 1 4 6 Penetration Max . | . . . . . . . . . . . . . . . . . Secondary Targets 5 | . . . . 2 . 3 . . . . . . . . . . Max Gunslinging Chain 1 | . . . . 1 . 1 . . . . . . . . . . Shots Hit Robots 331 | 1 6 . 46 26 9 57 11 . . 4 7 28 . 7 109 20 Core Hits 154 | 1 3 . 18 14 6 22 2 . . . 2 23 . 3 53 7 Critical Kills 3 | . 1 . . . . 1 . . . . . . . . 1 . Critical Parts Destroyed . | . . . . . . . . . . . . . . . . . Critical Strikes 11 | . 1 . . . . 1 . . . . . . . 1 7 1 Burn 1 | . . . . . . . . . . . . . . 1 . . Meltdown 1 | . . . . . . . . . . . . . . . 1 . Destroy 2 | . 1 . . . . 1 . . . . . . . . . . Blast 6 | . . . . . . . . . . . . . . . 5 1 Sever 1 | . . . . . . . . . . . . . . . 1 . Melee Attacks 126 | . . . . . . 10 1 . . 31 9 16 . . 48 11 Impact 59 | . . . . . . 10 1 . . 29 9 10 . . . . Slashing 55 | . . . . . . . . . . . . 2 . . 48 5 Piercing . | . . . . . . . . . . . . . . . . . Sneak Attacks 18 | . . . . . . . 1 . . 4 1 3 . . 3 6 Combat Hostiles 1 | . . . . . . . . . . . . . . . 1 . Follow-up Attacks . | . . . . . . . . . . . . . . . . . Damage Inflicted 9520 | 14 61 . 477 257 85 1197 257 . . 123 165 1272 . 242 4941 429 Guns 3607 | 14 61 . 477 242 85 1197 189 . . . 112 285 . 105 751 89 Cannons 3392 | . . . . . . . . . . . . . . 137 2915 340 Explosions 792 | . . . . 15 . . . . . . . 777 . . . . Melee 1720 | . . . . . . . 68 . . 123 53 210 . . 1266 . Ramming 9 | . . . . . . . . . . . . . . . 9 . Kinetic 4525 | 14 61 . 477 242 85 1197 189 . . . 112 285 . 137 1386 340 Thermal 2474 | . . . . . . . . . . . . . . 105 2280 89 Explosive 792 | . . . . 15 . . . . . . . 777 . . . . Electromagnetic . | . . . . . . . . . . . . . . . . . Impact 423 | . . . . . . . 68 . . 123 53 179 . . . . Slashing 1297 | . . . . . . . . . . . . 31 . . 1266 . Piercing . | . . . . . . . . . . . . . . . . . Highest Corruption 8 | . . . . . . 3 3 3 3 . . 8 . . 7 7 Average Corruption 4 | . . . . . . 1 3 3 3 . . 8 . . 3 7 Corruption Purged . | . . . . . . . . . . . . . . . . . Corruption Blocked . | . . . . . . . . . . . . . . . . . Effects 85 | . . . . . . 2 7 . 1 . . 33 . . 21 21 Message Errors 24 | . . . . . . 1 1 . . . . 10 . . 4 8 Matter Fused 18 | . . . . . . . 2 . . . . 7 . . 6 3 Heat Flow Errors 10 | . . . . . . 1 1 . . . . 3 . . 5 . Energy Discharges 12 | . . . . . . . 2 . 1 . . 4 . . 1 4 Parts Rejected 1 | . . . . . . . . . . . . . . . . 1 Data Loss (minor) 6 | . . . . . . . . . . . . 2 . . 3 1 Data Loss (major) 4 | . . . . . . . 1 . . . . 2 . . . 1 Misfires 3 | . . . . . . . . . . . . 1 . . 1 1 Alerts 4 | . . . . . . . . . . . . 2 . . 1 1 Weapon Failures 3 | . . . . . . . . . . . . 2 . . . 1 Overload Shots . | . . . . . . . . . . . . . . . . . Overflow Damage 292 | . . . . 5 . . 54 . . 48 33 31 . . 116 5 Projectiles 21 | . . . . . . . . . . . . . . . 16 5 Explosions 36 | . . . . 5 . . . . . . . 31 . . . . Melee 235 | . . . . . . . 54 . . 48 33 . . . 100 . Knockbacks 16 | . . . . . . . . . . 1 . . . . 11 4 Impact 1 | . . . . . . . . . . 1 . . . . . . Kinetic 14 | . . . . . . . . . . . . . . . 11 3 Secondary 1 | . . . . . . . . . . . . . . . . 1 Self-Inflicted Damage 136 | . . . . 53 . . . . 4 . . 79 . . . . Shots 8 | . . . . 3 . . . . 1 . . 4 . . . . Rammed 2 | . . . . . . 1 . . . . . . . . 1 . Targets Rammed 2 | . . . . . . 1 . . . . . . . . 1 . Kicked . | . . . . . . . . . . . . . . . . . Crushed . | . . . . . . . . . . . . . . . . . Highest Temperature 255 | . . . . . . 91 191 . . . . 185 . . 255 234 Average Temperature 74 | . . . . . . 63 102 . . . . 60 . . 73 78 Received Heat Transfer 1800 | . . . 117 150 72 471 . . . 6 . 274 . . 433 277 Siege Activations 1 | . . . . . . . . . . . . . . . 1 . Total Turns 30 | . . . . . . . . . . . . . . . 30 . Longest Duration 30 | . . . . . . . . . . . . . . . 30 . Martial Activations . | . . . . . . . . . . . . . . . . . Shielding Activations . | . . . . . . . . . . . . . . . . . Robots Disrupted . | . . . . . . . . . . . . . . . . . Combat Hostiles . | . . . . . . . . . . . . . . . . . Robots Corrupted 3 | . . . . . . . . . . 2 1 . . . . . Combat Hostiles . | . . . . . . . . . . . . . . . . . Parts Fried 4 | . . . . . . . 1 . . 2 1 . . . . . Impact Corruptions 5 | . . . . . . . 1 . . 3 1 . . . . . Robots Melted 2 | . . . . . . . . . . . . . . . 2 . Combat Hostiles 2 | . . . . . . . . . . . . . . . 2 . Parts Melted 9 | . . . . . . . . . . . . 1 . . 7 1 Heat Transferred 3122 | . . . . . . . . . . . . . . 259 2663 200 Parts Sabotaged 3 | . . . . . . . . . . . . . . . . 3 Parts Stolen 1 | . . . . . . . 1 . . . . . . . . . Parts Stripped . | . . . . . . . . . . . . . . . . . Power Chain Reactions . | . . . . . . . . . . . . . . . . . Alert | -11 -10 -10 -9 -9 -8 -7 -7 -7 -6 -6 -5 -5 -4 -4 -4 -4 ------- Run | Yrd Mat Min Mat Min Mat Fac Low Dat Pro Fac Fac Ext Fac Was Fac Arm Maximum Alert Level 3 | . . . 1 . . . . . . . . . . . 3 2 Low Security (%) 70 | 100 100 100 99 100 100 100 . . . 100 100 100 100 100 4 . Level 1 7 | . . . . . . . . . . . . . . . 4 70 Level 2 13 | . . . . . . . . . . . . . . . 51 29 Level 3 8 | . . . . . . . . . . . . . . . 39 . Level 4 . | . . . . . . . . . . . . . . . . . Level 5 . | . . . . . . . . . . . . . . . . . High Security . | . . . . . . . . . . . . . . . . . Max Security . | . . . . . . . . . . . . . . . . . Peak Influence 798 | 5 60 11 195 86 75 168 . . . 44 80 181 65 34 798 609 Initial 343 | . . 11 . 66 17 20 . . . . 2 34 65 12 . 343 Average 191 | 1 22 5 100 46 41 34 . . . 15 34 60 50 1 623 385 Influence Increases 4789 | 5 70 . 300 277 135 310 65 . 45 143 142 739 . 60 1842 656 Destroy 0b10 Robot/C 2040 | . 40 . 160 220 80 180 . . . . 40 300 . . 860 160 Destroy 0b10 Robot/NC 145 | 5 5 . 15 5 . 15 5 . . 10 10 10 . . 55 10 Destroy Leader 392 | . 10 . 40 30 10 42 . . . . 22 42 . . 164 32 Allied During Kill 538 | . . . . 10 . . . . . . 7 120 . . 364 37 Successful Hack 136 | . . . 10 . . 19 . . . 26 21 21 . . 21 18 Select Force Hacks 210 | . . . 60 . 30 . . . . 60 30 . . . 30 . Disable Machine 135 | . . . . . . 30 . . . . . . . . 45 60 Destroy Structure 518 | . . . . 12 . 9 . . . 17 12 186 . 60 198 24 Lose Combat Pursuer 675 | . 15 . 15 . 15 15 60 . 45 30 . 60 . . 105 315 Influence Decreases 4224 | 5 40 30 130 402 135 216 172 32 45 137 78 674 100 95 1142 791 Entered New Map 750 | . . 19 . 104 28 25 52 32 . . 4 36 70 23 . 357 Time Decay 2028 | 5 40 11 130 160 97 141 120 . 45 117 74 250 30 52 502 254 Lost Part 577 | . . . . 70 10 50 . . . . . 177 . . 170 100 Lost Ally 719 | . . . . 68 . . . . . 20 . 211 . 20 320 80 Purge Threat 150 | . . . . . . . . . . . . . . . 150 . Squads Dispatched 30 | . . . 2 1 1 3 . . . 2 2 2 . . 12 5 Investigation 14 | . . . 2 . 1 2 . . . 2 2 1 . . 3 1 Extermination 5 | . . . . . . 1 . . . . . . . . 3 1 Reinforcement 9 | . . . . . . . . . . . . 1 . . 5 3 Assault 2 | . . . . 1 . . . . . . . . . . 1 . Garrison . | . . . . . . . . . . . . . . . . . Intercept . | . . . . . . . . . . . . . . . . . Searches Triggered . | . . . . . . . . . . . . . . . . . Data Miner Redirects 2 | . . . . . . . . . . . . . . . 2 . Construction Impeded . | . . . . . . . . . . . . . . . . . Haulers Reinforced 2 | . . . . . . . . . . . . . . . 2 . Active Scanning Responses . | . . . . . . . . . . . . . . . . . Cargo Convoy Interrupts . | . . . . . . . . . . . . . . . . . Stealth | -11 -10 -10 -9 -9 -8 -7 -7 -7 -6 -6 -5 -5 -4 -4 -4 -4 --------- Run | Yrd Mat Min Mat Min Mat Fac Low Dat Pro Fac Fac Ext Fac Was Fac Arm Distress Signals 11 | . . . 2 1 2 . . . . . . 1 . . 4 1 Communications Jammed 2 | . . . . . . . . . . . . 2 . . . . Distress Signals 2 | . . . . . . . . . . . . 2 . . . . Times Spotted 207 | . 3 . 16 17 11 13 5 . 2 4 2 18 . 6 65 45 Peak Tracking Total 18 | . 3 . 5 5 7 7 4 . 3 3 . 5 . 2 10 18 Tactical Retreats 27 | . 1 . 1 . 1 1 1 . 2 2 . 4 . . 8 6 ECM-based Alert Blocks 7 | . . . . . . . . . . . . . . . 7 . Traps | -11 -10 -10 -9 -9 -8 -7 -7 -7 -6 -6 -5 -5 -4 -4 -4 -4 ------- Run | Yrd Mat Min Mat Min Mat Fac Low Dat Pro Fac Fac Ext Fac Was Fac Arm Traps Triggered 6 | . . . . . . 1 . . . . . . 1 . 1 3 Indirectly . | . . . . . . . . . . . . . . . . . Trap Hack Attempts . | . . . . . . . . . . . . . . . . . Triggered . | . . . . . . . . . . . . . . . . . Disarmed 6 | . 6 . . . . . . . . . . . . . . . Reprogrammed . | . . . . . . . . . . . . . . . . . Reused . | . . . . . . . . . . . . . . . . . Traps Extracted . | . . . . . . . . . . . . . . . . . Installed . | . . . . . . . . . . . . . . . . . Triggered . | . . . . . . . . . . . . . . . . . Machines | -11 -10 -10 -9 -9 -8 -7 -7 -7 -6 -6 -5 -5 -4 -4 -4 -4 ---------- Run | Yrd Mat Min Mat Min Mat Fac Low Dat Pro Fac Fac Ext Fac Was Fac Arm Machines Disabled 10 | . . . . . . 2 . . . . . . . . 4 4 Max in Single Turn 1 | . . . . . . 1 . . . . . . . . 1 1 Machines Repaired . | . . . . . . . . . . . . . . . . . Machines Dismantled . | . . . . . . . . . . . . . . . . . Machines Sabotaged . | . . . . . . . . . . . . . . . . . Overloaded Fab Kills . | . . . . . . . . . . . . . . . . . Hacking | -11 -10 -10 -9 -9 -8 -7 -7 -7 -6 -6 -5 -5 -4 -4 -4 -4 --------- Run | Yrd Mat Min Mat Min Mat Fac Low Dat Pro Fac Fac Ext Fac Was Fac Arm Machines Accessed 46 | . 2 . 4 . 3 3 . 4 1 6 2 6 2 . 8 5 Terminals 26 | . 2 . 2 . 2 2 . . 1 4 . 5 1 . 3 4 Fabricators 3 | . . . . . . 1 . . . . 1 . . . 1 . Repair Stations . | . . . . . . . . . . . . . . . . . Recycling Units 11 | . . . 2 . 1 . . . . 2 1 1 . . 3 1 Scanalyzers 1 | . . . . . . . . . . . . . . . 1 . Garrison Access 1 | . . . . . . . . . . . . . 1 . . . Total Hacks 126 | . 4 . 6 . 6 5 . 27 8 13 5 15 3 . 24 10 Successful 86 | . 2 . 5 . 3 2 . 27 8 10 2 10 . . 11 6 Failed 40 | . 2 . 1 . 3 3 . . . 3 3 5 3 . 13 4 Catastrophic 4 | . . . . . . 1 . . . . . 1 1 . 1 . Database Lockouts . | . . . . . . . . . . . . . . . . . Manual 24 | . . . 4 . 2 2 . . . 3 1 4 1 . 5 2 Terminals 69 | . 4 . 3 . 5 4 . . 8 11 . 14 1 . 10 9 Fabricators 8 | . . . . . . 1 . . . . 4 . . . 3 . Repair Stations . | . . . . . . . . . . . . . . . . . Recycling Units 16 | . . . 3 . 1 . . . . 2 1 1 . . 7 1 Scanalyzers 4 | . . . . . . . . . . . . . . . 4 . Garrison Access 2 | . . . . . . . . . . . . . 2 . . . Terminal Hacks 58 | . 2 . 1 . 1 1 . 27 8 8 . 5 . . 1 4 Record 24 | . . . . . 1 . . 11 8 2 . . . . . 2 Part Schematic 11 | . . . . . . . . 9 . 1 . 1 . . . . Robot Schematic 6 | . . . . . . . . 4 . 2 . . . . . . Robot Analysis 1 | . . . . . . . . . . . . 1 . . . . Prototype ID Bank 3 | . . . . . . . . 3 . . . . . . . . Open Door 1 | . . . . . . . . . . . . . . . . 1 Open DSF 1 | . . . . . . 1 . . . . . . . . . . Level Access Points 1 | . . . . . . . . . . 1 . . . . . . Branch Access Points 1 | . . . . . . . . . . . . 1 . . . . Alert Level 1 | . . . . . . . . . . . . 1 . . . . Unreport Threat 1 | . . . . . . . . . . . . . . . 1 . Locate Traps 1 | . 1 . . . . . . . . . . . . . . . Disarm Traps 1 | . 1 . . . . . . . . . . . . . . . Dispatch Records 1 | . . . . . . . . . . . . . . . . 1 Patrol Status 1 | . . . . . . . . . . . . 1 . . . . Transport Status 2 | . . . 1 . . . . . . 1 . . . . . . Hauler Manifests 1 | . . . . . . . . . . 1 . . . . . . Fabricator Hacks 4 | . . . . . . 1 . . . . 1 . . . 2 . Load Schematic 1 | . . . . . . . . . . . . . . . 1 . Build 3 | . . . . . . 1 . . . . 1 . . . 1 . Repair Station Hacks . | . . . . . . . . . . . . . . . . . Recycling Unit Hacks 7 | . . . 1 . . . . . . . . 1 . . 4 1 Report Inventory 5 | . . . 1 . . . . . . . . 1 . . 2 1 Retrieve Components 2 | . . . . . . . . . . . . . . . 2 . Scanalyzer 2 | . . . . . . . . . . . . . . . 2 . Retrieve Study 2 | . . . . . . . . . . . . . . . 2 . Garrison Access Hacks . | . . . . . . . . . . . . . . . . . Unauthorized Hacks 14 | . . . 3 . 2 . . . . 2 1 4 . . 1 1 Terminals 7 | . . . 1 . 1 . . . . . . 4 . . . 1 Track 1 | . . . . . . . . . . . . 1 . . . . Assimilate 1 | . . . . . . . . . . . . 1 . . . . Botnet 5 | . . . 1 . 1 . . . . . . 2 . . . 1 Fabricators . | . . . . . . . . . . . . . . . . . Repair Stations . | . . . . . . . . . . . . . . . . . Recycling Units 7 | . . . 2 . 1 . . . . 2 1 . . . 1 . Tunnel 7 | . . . 2 . 1 . . . . 2 1 . . . 1 . Scanalyzers . | . . . . . . . . . . . . . . . . . Garrison Access . | . . . . . . . . . . . . . . . . . Data Cores Recovered 1 | . . . . . . . . . . . . . . . . 1 Used . | . . . . . . . . . . . . . . . . . Hacking Detections 22 | . 2 . 1 . 1 2 . . 1 4 1 3 . . 5 2 Full Trace Events 4 | . . . . . . 1 . . . . 1 . . . 2 . Feedback Events 1 | . . . . . . 1 . . . . . . . . . . Corruption 1 | . . . . . . 1 . . . . . . . . . . Feedback Blocked . | . . . . . . . . . . . . . . . . . Robot Schematics Acquired 6 | . . . . . . . . 4 . 2 . . . . . . Robots Built 7 | . . . . . . . . . . . 3 . . . 4 . Authchips . | . . . . . . . . . . . . . . . . . Time 88 | . . . . . . . . . . . 44 . . . 44 . Total Robot Build Rating 28 | . . . . . . . . . . . 12 . . . 16 . Part Schematics Acquired 11 | . . . . . . . . 9 . 1 . 1 . . . . Parts Built 2 | . . . . . . 2 . . . . . . . . . . Authchips . | . . . . . . . . . . . . . . . . . Time 53 | . . . . . . 53 . . . . . . . . . . Total Part Build Rating 12 | . . . . . . 12 . . . . . . . . . . Part Studies Acquired 2 | . . . . . . . . . . . . . . . 2 . Parts Repaired . | . . . . . . . . . . . . . . . . . Time . | . . . . . . . . . . . . . . . . . Parts Recycled . | . . . . . . . . . . . . . . . . . Recycled Matter . | . . . . . . . . . . . . . . . . . Retrieved Matter . | . . . . . . . . . . . . . . . . . Retrieved Components 16 | . . . . . . . . . . . . . . . 16 . Parts Scanalyzed . | . . . . . . . . . . . . . . . . . Part Schematics Acquired . | . . . . . . . . . . . . . . . . . Parts Damaged . | . . . . . . . . . . . . . . . . . Bothacking | -11 -10 -10 -9 -9 -8 -7 -7 -7 -6 -6 -5 -5 -4 -4 -4 -4 ------------ Run | Yrd Mat Min Mat Min Mat Fac Low Dat Pro Fac Fac Ext Fac Was Fac Arm Used RIF Installer . | . . . . . . . . . . . . . . . . . Robots Hacked 2 | . . . . . . . . . . 2 . . . . . . Non-combat 2 | . . . . . . . . . . 2 . . . . . . Combat . | . . . . . . . . . . . . . . . . . Robot Hacks Applied 2 | . . . . . . . . . . 2 . . . . . . no_distress 1 | . . . . . . . . . . 1 . . . . . . find_chute 1 | . . . . . . . . . . 1 . . . . . . Relay Couplers Released . | . . . . . . . . . . . . . . . . . Fabnet Peak Effective % . | . . . . . . . . . . . . . . . . . Robots Rewired 12 | . . . . . . . . . . 1 . 7 . . . 4 Allies Hacked . | . . . . . . . . . . . . . . . . . Hacks Repelled . | . . . . . . . . . . . . . . . . . Allies | -11 -10 -10 -9 -9 -8 -7 -7 -7 -6 -6 -5 -5 -4 -4 -4 -4 -------- Run | Yrd Mat Min Mat Min Mat Fac Low Dat Pro Fac Fac Ext Fac Was Fac Arm Total Allies 52 | . . . . 4 . . . . . 1 3 17 . 19 4 4 Largest Group 20 | . . . . 3 . . . . . 1 3 9 5 20 17 4 Highest-Rated Group 717 | . . . . 40 . . . . . 32 90 277 277 717 652 192 Highest-Rated Ally 159 | . . . . 31 . . . . . 32 30 159 159 50 50 48 Total Orders 7 | . . . . 1 . . . . . . . 6 . . . . STAY 2 | . . . . . . . . . . . . 2 . . . . ROAM 1 | . . . . . . . . . . . . 1 . . . . FOLLOW 1 | . . . . . . . . . . . . 1 . . . . GUARD 2 | . . . . 1 . . . . . . . 1 . . . . AID 1 | . . . . . . . . . . . . 1 . . . . Ally Attacks 426 | . . . . 29 . . . . . 3 6 112 . 116 142 18 Total Damage 10329 | . . . . 266 . . . . . 118 223 2342 . 2999 3656 725 Kills 51 | . . . . 4 . . . . . . 2 13 . 6 22 4 Allies Corrupted 1 | . . . . . . . . . . . . . . . 1 . Allies Melted . | . . . . . . . . . . . . . . . . . Intel | -11 -10 -10 -9 -9 -8 -7 -7 -7 -6 -6 -5 -5 -4 -4 -4 -4 ------- Run | Yrd Mat Min Mat Min Mat Fac Low Dat Pro Fac Fac Ext Fac Was Fac Arm Active Infowar (turns) 3823 | 13 155 41 304 113 . . 14 23 213 318 198 739 . 126 1017 549 Optics 1844 | . . . . . . . . . . 294 198 87 . . 716 549 Sensors 2020 | . 103 41 304 113 . . 14 23 213 318 198 693 . . . . Structural 371 | . . . . . . . . . . . . . . . . 371 Seismic 405 | 13 52 . 304 36 . . . . . . . . . . . . Machine Analysis 159 | . . . . . . . . . . . . 159 . . . . Jamming 781 | . . . . . . . . . . . 90 691 . . . . ECM 477 | . . . . . . . . . . . . . . 126 351 . Robot Analysis Total 1 | . . . . . . . . . . . . 1 . . . . Derelict Logs Recovered 3 | . . . . . . . . . 3 . . . . . . . Drone Launches . | . . . . . . . . . . . . . . . . . Drone Recoveries . | . . . . . . . . . . . . . . . . . Exploration | -11 -10 -10 -9 -9 -8 -7 -7 -7 -6 -6 -5 -5 -4 -4 -4 -4 ------------- Run | Yrd Mat Min Mat Min Mat Fac Low Dat Pro Fac Fac Ext Fac Was Fac Arm Turns Passed 6833 | 65 155 41 304 352 210 904 258 23 213 318 198 890 76 927 1350 549 Spaces Moved 5475 | 53 163 30 193 199 146 420 661 77 693 469 232 510 80 467 666 416 Core 32 | 5 . . . 17 . . . . . . . 9 . . . 1 Treads 902 | . . . . . . 8 . . . . . 251 . 389 254 . Legs 1104 | . . . 35 161 146 277 . . . . . . . . 412 73 Wheels 822 | 48 163 30 158 21 . 96 29 . . . . 119 80 78 . . Hover 39 | . . . . . . 39 . . . . . . . . . . Flight 2576 | . . . . . . . 632 77 693 469 232 131 . . . 342 Fastest Speed 27 | 50 80 80 80 95 120 115 29 29 29 29 27 27 95 95 130 42 Average Speed 90 | 77 80 80 103 132 120 161 33 29 29 35 41 115 95 149 141 96 Slowest Speed 350 | 80 80 80 190 300 120 240 192 29 29 110 107 300 95 160 160 350 Overloaded Moves . | . . . . . . . . . . . . . . . . . Propulsion Burnouts . | . . . . . . . . . . . . . . . . . Robots Hopped 10 | . . . . . . . . . . 4 . 6 . . . . Potential Cave-ins 23 | . . . . 3 . . . . 5 3 . 12 . . . . Cave-ins Triggered 1 | . . . . . . . . . . . . 1 . . . . Exploration Rate (%) 38 | 4 36 10 26 60 19 12 79 68 79 18 8 68 2 96 25 40 Regions Visited 16 Branch Regions 7 Pre-discovered Areas 11 | . . . 2 . 1 . . 1 3 2 1 . . . 1 . Known Exits Taken 4 | . . . . . . . . . . 1 1 1 . . 1 . Unknown Exits Taken 10 | 1 1 1 1 1 1 1 1 1 1 . . . . . . . Scrap Searched 3 | . . . . . . . 2 . 1 . . . . . . . Spaces Dug 66 | . . . . . . 9 . . . 22 8 2 . . 22 3 Terrain Destroyed 417 | . . . . 31 . 9 . . 64 22 8 222 . . 49 12 Melee 64 | . . . . . . 9 . . . 22 8 2 . . 20 3 Projectile 38 | . . . . . . . . . . . . . . . 29 9 AOE 315 | . . . . 31 . . . . 64 . . 220 . . . . Terrain Rammed . | . . . . . . . . . . . . . . . . . Walls Destroyed . | . . . . . . . . . . . . . . . . . Machines Disabled . | . . . . . . . . . . . . . . . . . Actions | -11 -10 -10 -9 -9 -8 -7 -7 -7 -6 -6 -5 -5 -4 -4 -4 -4 --------- Run | Yrd Mat Min Mat Min Mat Fac Low Dat Pro Fac Fac Ext Fac Was Fac Arm Total 6732 | 69 179 46 237 247 163 558 686 76 699 565 309 734 80 687 875 522 Wait 538 | . 6 17 5 15 . 64 . . . 34 46 120 . 180 38 13 Move 5446 | 52 162 29 192 198 145 419 660 76 692 462 231 501 80 466 665 416 Hop 4 | . . . . . . . . . . 2 . 2 . . . . Pick Up 76 | 8 2 . 1 2 4 5 1 . . 2 4 3 . 10 25 9 Fast Attach 63 | 7 1 . 3 1 . 11 5 . . 5 . 13 . 5 8 4 Attach 66 | . . . 1 4 3 3 2 . 1 9 5 7 . 5 13 13 Detach 27 | . . . . . . . 4 . 1 8 2 3 . . 1 8 Swap 26 | . . . . 2 . 1 . . . 2 4 7 . 2 6 2 Drop 60 | . 3 . 2 . . 10 6 . . 3 3 4 . 13 10 6 Fire 261 | 2 5 . 33 25 11 34 7 . 5 . 5 38 . 6 60 30 Melee 126 | . . . . . . 10 1 . . 31 9 16 . . 48 11 Ram 1 | . . . . . . 1 . . . . . . . . . . Kick . | . . . . . . . . . . . . . . . . . Crush 1 | . . . . . . . . . . . . . . . 1 . Escape Stasis 9 | . . . . . . . . . . . . . . . . 9 Rewire 28 | . . . . . . . . . . 7 . 20 . . . 1 Trap . | . . . . . . . . . . . . . . . . . Miscellaneous . | . . . . . . . . . . . . . . . . . Route ------- -11/Scrapyard -10/Materials (discovered 2 exits: *Mat / [*Min]) -10/Mines -9/Materials -9/Mines -8/Materials -7/Factory -7/Lower Caves -7/Data Miner -6/Proximity Caves -6/Factory (discovered 6 exits: *Fac x4 / Low x2) -5/Factory -5/Extension (discovered 2 exits: *Fac / *Cet) -4/Factory -4/Waste -4/Factory -4/Armory History --------- Turn | Location | Event 2 | -11/Scrapyard | Met Revision 17 17 | -11/Scrapyard | Discovered new exit (range 14) 66 | -11/Scrapyard | Entered Materials 164 | -10/Materials | Discovered new exit (range 8) 212 | -10/Materials | Discovered new exit (range 9) 221 | -10/Materials | Entered Mines 256 | -10/Mines | Discovered new exit (range 6) 262 | -10/Mines | Entered Materials 262 | -9/Materials | Evolved 2 slots: Utility x2 308 | -9/Materials | Build established: Mutant 535 | -9/Materials | Discovered new exit (range 13) 566 | -9/Materials | Entered Mines 567 | -9/Mines | Met a Derelict testing a Signal Generator 642 | -9/Mines | Lost 3 parts (2n1u) 710 | -9/Mines | Core integrity fell below 50% 734 | -9/Mines | Assisted by bots powering up and referring to "LRC-V3" 779 | -9/Mines | Received a Rocket Launcher from a helpful Derelict 902 | -9/Mines | Discovered new exit (range 7) 918 | -9/Mines | Entered Materials 918 | -8/Materials | Evolved 2 slots: Propulsion x1, Weapon x1 1111 | -8/Materials | Discovered new exit (range 15) 1128 | -8/Materials | Entered Factory 1128 | -7/Factory | Evolved 2 slots: Utility x2 1375 | -7/Factory | Identified exit to DSF 1672 | -7/Factory | Fabricated Adv. Cooling System (x2) 1896 | -7/Factory | Lost 4 parts (1p2n1u) 2013 | -7/Factory | Discovered new exit (range 14) 2032 | -7/Factory | Entered Lower Caves 2159 | -7/Lower Caves | Entered a destroyed Warlord outpost 2244 | -7/Lower Caves | A Derelict revealed a hidden shortcut to meet someone special 2290 | -7/Lower Caves | Entered Data Miner 2290 | -7/Data Miner | Discovered new exit (range 6) 2296 | -7/Data Miner | Met Data Miner 2301 | -7/Data Miner | Learned location of Section 7 (-3) 2301 | -7/Data Miner | Acquired the access code to Warlord's prototype stash 2306 | -7/Data Miner | Received God Mode back door access code from Data Miner 2313 | -7/Data Miner | Entered Proximity Caves 2327 | -6/Proximity Caves | Learned Armory garrison access intel 2327 | -6/Proximity Caves | Learned Extension security intel 2327 | -6/Proximity Caves | Learned Armory trap positions 2327 | -6/Proximity Caves | Learned Extension trap positions 2327 | -6/Proximity Caves | Learned 8 Research zone layouts 2367 | -6/Proximity Caves | Learned Factory non-interactive machine intel 2382 | -6/Proximity Caves | Learned location of Zion (-6) 2482 | -6/Proximity Caves | Discovered new exit (range 15) 2510 | -6/Proximity Caves | Spotted B-75 Beast 2526 | -6/Proximity Caves | Entered Factory 2526 | -6/Factory | Evolved 2 slots: Utility x2 2527 | -6/Factory | Identified exit to Lower Caves 2528 | -6/Factory | Loaded intel: 210 non-interactive machine locations 2661 | -6/Factory | Identified exit to Factory 2844 | -6/Factory | Entered another Factory area 2844 | -5/Factory | Evolved 2 slots: Propulsion x1, Utility x1 2949 | -5/Factory | Fabricated L-41 Fighter? 2998 | -5/Factory | Discovered new exit (range 10) 3011 | -5/Factory | Identified exit to Extension 3042 | -5/Factory | Entered Extension 3042 | -5/Extension | Accompanied by 3 allies 3043 | -5/Extension | Loaded intel: 19 trap records 3129 | -5/Extension | Crushed by falling debris 3160 | -5/Extension | Lost 3 parts (1n1u1w) 3310 | -5/Extension | Rescued a captive Derelict 3314 | -5/Extension | Rescued a captive Derelict 3387 | -5/Extension | Rescued a captive Derelict 3411 | -5/Extension | Identified exit to Cetus 3472 | -5/Extension | Spotted B-75 Beast 3529 | -5/Extension | Rescued a captive Derelict 3648 | -5/Extension | Build established: Hacker-Skirmisher 3785 | -5/Extension | Core integrity fell below 50% 3802 | -5/Extension | Rescued A7 3824 | -5/Extension | Lost 16 parts (1p5n5u5w) 3837 | -5/Extension | Rescued a captive Derelict 3842 | -5/Extension | Core integrity fell below 20% 3857 | -5/Extension | Rescued a captive Derelict 3858 | -5/Extension | Rescued a captive Derelict 3858 | -5/Extension | Rescued a captive Derelict 3874 | -5/Extension | Discovered new exit (range 10) 3902 | -5/Extension | Identified exit to Factory 3932 | -5/Extension | Entered Factory 3932 | -4/Factory | Accompanied by 5 allies (A7) 3932 | -4/Factory | Evolved 2 slots: Propulsion x1, Utility x1 4008 | -4/Factory | Sucked down chute 4008 | -4/Factory | Entered Waste 4029 | -4/Waste | Build established: Hacker-Mutant 4030 | -4/Waste | Spotted C-40 Crusher 4044 | -4/Waste | Spotted C-40 Crusher 4053 | -4/Waste | 4 allies followed down the chute 4056 | -4/Waste | Allies destroyed C-40 Crusher 4068 | -4/Waste | Spotted C-40 Crusher 4130 | -4/Waste | Warlord forces began an assault 4134 | -4/Waste | Lost 3 allies 4144 | -4/Waste | Found Adv. Force Booster 4222 | -4/Waste | Spotted C-40 Crusher 4230 | -4/Waste | Allies destroyed C-40 Crusher 4231 | -4/Waste | Destroyed C-40 Crusher 4239 | -4/Waste | Spotted C-40 Crusher 4245 | -4/Waste | Destroyed C-40 Crusher 4442 | -4/Waste | Discovered new exit (range 13) 4606 | -4/Waste | Build established: Scavenger-Tank 4665 | -4/Waste | Identified exit to Factory 4935 | -4/Waste | Entered Factory 4935 | -4/Factory | Accompanied by 17 allies 5103 | -4/Factory | Build established: Hacker-Tank 5237 | -4/Factory | Fabricated S-27 Virus? 5274 | -4/Factory | Lost 3 allies 5400 | -4/Factory | Lost 3 allies 5570 | -4/Factory | Lost 10 parts (1p2n3u4w) 5685 | -4/Factory | First assault squad dispatched 5700 | -4/Factory | Incoming assault squad redirected 5773 | -4/Factory | Build established: Hacker-Mutant 5797 | -4/Factory | Found Prototype Processor 5797 | -4/Factory | Identified Exp. Terrain Scan Processor 6036 | -4/Factory | Spotted B-86 Titan 6064 | -4/Factory | Spotted B-86 Titan 6250 | -4/Factory | Incoming investigation squad redirected 6267 | -4/Factory | Discovered new exit (range 13) 6284 | -4/Factory | Identified exit to Armory 6285 | -4/Factory | Entered Armory 6286 | -4/Armory | Loaded intel: 63 trap records 6300 | -4/Armory | Lost 4 parts (1p1n1u1w) 6668 | -4/Armory | Core integrity fell below 50% 6751 | -4/Armory | Spotted Armor Guard 6751 | -4/Armory | Spotted Armor Guard 6760 | -4/Armory | Spotted Armor Guard 6760 | -4/Armory | Spotted Armor Guard 6766 | -4/Armory | Core integrity fell below 20% 6801 | -4/Armory | Lost 4 parts (1p1n2u) 6834 | -4/Armory | Destroyed by Armor Guard with Helical Railgun Last Messages --------------- were subsequently scattered throughout the caves. I am tracking several possible locations for more of these rings, and look forward to seeing what the completed device can do. 06773_ Machine disabled. 06774_ Derelict Superweapon? disabled. 06777_ System corrupted: Matter fused (-5). 06795_ System corrupted: Energy discharge (-21). 06815_ LVMJ9FCFZ& QNGGED&O4O8 06816_ Triggered Alarm Trap. 06816_ An alarm sounds. 06816_ ALERT: Alarm triggered, dispatching investigation squad. 06821_ Plasma Rifle destroyed. 06821_ Critical hit (Burn: +50). 06821_ Penetrated by Slug. 06821_ Slug penetrates Machine. 06823_ Penetrated by Slug. 06823_ Slug penetrates Machine. 06823_ Machine disabled. 06831_ Impulse Thruster Array destroyed. 06834_ Penetrated by Slug. Map ----- +----------------------------------------------------+ | ?????????????????????????????????????????????????? | | ?????????????????????????????????????????????????? | | ?????????????????????????????????????????????????? | | ?????????????????????????????????????????????????? | | ?????????????????????????????????????????????????? | | ????????????????????????????????????????????????## | | ???????????????????###+########################## | | ???????????????????# | | ???????????????????# ########### | | ??????????????????## #?????????? | | ??????????????????" #?????????? | | ??????????????????#" ########### #?????????^ | | ??????????????????#T #?????????# #?????????? | | ?????????????##???## #?????????# +??????^??? | | ?????????????#"##### ^^^##????????# #?^????^??? | | ?????????????# #????????# #???^^????? | | ?????????????# #????????# #?????????? | | ?????????????# ^##########????????# #?????????? | | ?????????????# #?????????????????# #?????????? | | ?????????????# #?#############???# #?????????? | | ?????????????# #?#"" #???# ?????????? | | ?????????????# #?#"" """Y""" #???##+###?????????? | | ?????????????# #?#"" "?" "?" #??????????????????? | | ?????????????# #?#"" """ """ #??????????????????? | | ?????????????# #?#"" w Y #??????????????????? | | ?????????????#^ ###"" """@""" #??????????????????? | | ?????????????# ^ "?" "?" #??????????????????? | | ?????????????# ^ "?" "?" #??????????????????? | | ?????????????# ### ^ #??????????????????? | | ?????????????####?#"""""""""""#??????????????????? | | ??????????????????#############??????????????????? | | ?????????????????????????????????????????????????? | | ?????????????????????????????????????????????????? | | ?????????????????????????????????????????????????? | | ?????????????????????????????????????????????????? | | ?????????????????????????????????????????????????? | | ?????????????????????????????????????????????????? | | ?????????????????????????????????????????????????? | | ?????????????????????????????????????????????????? | | ?????????????????????????????????????????????????? | | | | | | | | | | | | | | | | | | | | | +----------------------------------------------------+ Best States ------------- Heat Dissipation 93 Energy Generation 25 Energy Capacity 515 Matter Stores 300 Matter Capacity 300 Sight Range 22 Robot Scan Range 15 Terrain Scan Density 1010 ECM Strength 1 Jamming Range 14 Armor Coverage 225 Resistance: KI 25 Evasion (%) 64 Targeting Accuracy 6 Melee Accuracy 8 Armor Integrity Analysis 30 Recoil Reduction 4 Matter Filtering 50 Energy Filtering 30 Kinecelleration 30 Force Boost 40 Offensive Hacking 22 Defensive Hacking 12 Item Schematics ----------------- Rnf. Antimatter Reactor | -7/Data Miner | Free Hyp. Gauss Cannon | -7/Data Miner | Free Adv. System Restoration Module | -7/Data Miner | Free Hvy. Treads | -7/Data Miner | Free Cld. Plasma Cannon | -7/Data Miner | Free Exp. Propulsion Shielding | -7/Data Miner | Free Biomechanical Wings | -7/Data Miner | Free Lgt. Regenerative Plating | -7/Data Miner | Free Combat Drone Bay | -7/Data Miner | Free Imp. Gravmag System | -6/Factory | Hacked Adv. Remote Force Field | -5/Extension | Hacked Robot Schematics ------------------ A-15 Conveyor | -7/Data Miner | Free C-17 Slicer | -7/Data Miner | Free H-55 Commando | -7/Data Miner | Free S-27 Virus | -7/Data Miner | Free R-06 Scavenger | -6/Factory | Hacked G-50 Soldier | -6/Factory | Hacked Fabricated ------------ Adv. Cooling System | x2 | -7/Factory | Preloaded L-41 Fighter | x3 | -5/Factory | Preloaded S-27 Virus | x4 | -4/Factory Repaired ---------- Nothing Studied --------- Hvy. Treads | -4/Factory | Hacked Wheel | -4/Factory | Hacked Alien Tech Used ----------------- None Achievements -------------- Cya! Immobile And Lovin' It Prison Break We Are Legion Challenges ------------ None Game ------ Seed TeleporterScatterPrototype Manual? 0 Play Time 02:51:42 Cumulative 86.5 hours Start 2026.08.19 @ 16:46:43 End 2026.08.20 @ 01:21:40 Sessions 7 Manual Loads 0 Difficulty Rogue Special Mode None Game No. 79 Rogue 77 Adventurer 2 Explorer 0 Win Type - Total 0 Types 0/0/0/0/0/0/0/0/0/0 Lore% 43 Gallery% 37 Achievement% 29 Wizard Run 0 Options --------- Layout 0 ASCII 0 Keyboard 0 Movement Mouse Keybinds 0 Fullscreen 2 Font 24/Smallcaps Map View 76x50 Zoom Use 0% Tactical HUD 1 Map Filters NONE Filters NONE Steam 1 RUN: 551f146f-6b76-4062-ad3e-2f678db7a169